 Dungeon Crawl Stone Soup version 0.26-a0-84-g8c18429211 (webtiles) character file.

Game seed: 15728367675577772337

8954 MarredHen the Quickloader (level 11, -14/73 HPs)
             Began as a Kobold Hunter on June 18, 2020.
             Was an Initiate of Gozag.
             Demolished by an elephant (18 damage)
             ... in a Gauntlet.
             The game lasted 00:37:11 (12450 turns).

MarredHen the Quickloader (Kobold Hunter)          Turns: 12450, Time: 00:37:11

Health: -14/73     AC: 14    Str:  9      XL:     11   Next: 65%
Magic:  11/11      EV: 24    Int: 12 (13) God:    Gozag
Gold:   764        SH:  0    Dex: 25      Spells: 10/10 levels left

rFire    + + +     SeeInvis +   a - +1 hand crossbow
rCold    x . .     Gourm    .   (shield restricted)
rNeg     . . .     Faith    .   z - +1 troll leather armour "Fahuhot" {Harm rF++ Regen+ Dex+6}
rPois    .         Spirit   .   y - +0 helmet
rElec    .         Reflect  .   E - +2 cloak
rCorr    .         Harm     +   w - +2 pair of gloves
MR       .....     NoTele   +   C - +1 pair of boots {Fly}
Stlth    ++++......             (no amulet)
HPRegen  0.62/turn              o - ring of see invisible
MPRegen  0.12/turn              i - ring of fire

@: gold aura, stab, flying
A: small, carnivore
a: Potion Petition, Call Merchant, Bribe Branch, Renounce Religion, Stop Flying


You were in a Gauntlet.
You worshipped Gozag.
Gozag was pleased with you.
You were not hungry.

You visited 2 branches of the dungeon, and saw 12 of its levels.
You also visited: Gauntlet.

You collected 2098 gold pieces.
You spent 1276 gold pieces at shops.
You paid 58 gold pieces to Gozag.

Inventory:

Hand Weapons
 a - a +1 hand crossbow (weapon)
 s - a +2 dagger of venom
Missiles
 d - 28 bolts (quivered)
Armour
 u - a +0 buckler
 w - a +2 pair of gloves (worn)
 y - a +0 helmet (worn)
 z - the +1 troll leather armour "Fahuhot" (worn) {Harm rF++ Regen+ Dex+6}
   (You bought it in a shop on level 9 of the Dungeon)

   It affects your dexterity (+6).
   It greatly protects you from fire.
   It increases your rate of regeneration.
   It increases damage dealt and taken.
 C - a +1 pair of boots of flying (worn)
 E - a +2 cloak (worn)
Jewellery
 i - a ring of fire (right hand)
 o - a ring of see invisible (left hand)
 q - a cursed ring of protection from fire
Wands
 v - a wand of flame (11)
 B - a wand of clouds (6)
Scrolls
 b - 2 scrolls of remove curse
 h - a scroll of amnesia
 m - 3 scrolls of random uselessness
 x - a scroll of teleportation
Potions
 l - 2 potions of stabbing
 n - a potion of magic
 p - a potion of haste
 r - a potion of brilliance
 t - 4 potions of flight
 D - 2 potions of invisibility
Comestibles
 f - 14 rations


   Skills:
 * Level 10.5 Fighting
 + Level 4.8 Short Blades
 * Level 13.2 Crossbows
 - Level 1.6 Armour
 + Level 9.9 Dodging
 + Level 5.7 Stealth


You had 10 spell levels left.
You didn't know any spells.
Your spell library contained the following spells:

 Spells                   Type           Power        Failure   Level  Hunger
 Sandblast                Erth           #.....       41%         1    ##.....
 Passwall                 Tmut/Erth      #.......     56%         2    ###....
 Stone Arrow              Conj/Erth      #.....       80%         3    ####...
 Petrify                  Tmut/Erth      #.......     99%         4    #####..
 Lee's Rapid Deconstruct  Erth           #.........   100%        5    ######.


Dungeon Overview and Level Annotations

Branches:
Dungeon (11/15)            Temple (1/1) D:4            Lair (0/6) D:10
Gauntlet (1/1)
    Orc: D:9-12

Altars:
Ashenzari
Elyvilon
Gozag
Hepliaklqana
Kikubaaqudgha
Makhleb
Okawaru
Qazlal
Wu Jian
Yredelemnul
Zin

Shops:
D:5 (:   D:6 [   D:9 [   D:11 [

Annotations:
D:5 3 runed translucent doors, cantrip's ghost, amateur DESu Gauntlet 11 transporters


Innate Abilities, Weirdness & Mutations

You are small and have problems with some larger weapons.
You are carnivorous and can eat meat at any time.


Message History

* * * LOW HITPOINT WARNING * * *
You hold your ground!
The elephant barely misses you.
Okay, then.
You feel better.
The hell hound is no longer distracted by gold.
The fire elemental becomes distracted by the nearby gold, dreaming of imaginary riches.
The elephant tramples you!
* * * LOW HITPOINT WARNING * * *
You hold your ground!
The elephant barely misses you.
The hell hound becomes distracted by the nearby gold, dreaming of imaginary riches.
As you read the scroll of summoning, it crumbles to dust.
Wisps of shadow whirl around you...
The fire elemental is no longer distracted by gold.
The elephant barely misses you.
The elephant trunk-slaps you but does no damage.
The hell hound becomes distracted by the nearby gold, dreaming of imaginary riches.
Your black mamba bites the elephant but does no damage.
The elephant tramples you!
You die...
Your body crumbles into a pile of gold.

#..#.........#...#b.#.
###..#.........#.∩.###..
#8#..#.#######.#...##b#P
###..##.#(#.#.##...#t#..
#..#.(($©....#...##b##
###..#.#Y#.#.#.#...#...#
#8#..#(#######.#...##.##
###..#YYt......#...#..##
#..#.@S.©!...#...#...=
###..###########...#####
#8#.....#.©.#....≈....#.
###...8.#...#...§8≈...#.
#.....#.©.#....≈....#.
###..###########...#####
#8#..#RhhhEE...#...###..
###..#.#.#.#.#.#...###.#
#..#.○#○#^#☼.#...#....


You could see 3 elephants, an efreet, 2 fire elementals, 3 hell hounds, a
friendly fire crab (summoned) and a friendly black mamba (summoned).

Vanquished Creatures
  A fire dragon (D:10)
  An ugly thing (D:11)
  2 elephants (Gauntlet)
  A torpor snail (Gauntlet)
  A troll (D:9)
  4 yaks (D:10)
  A water moccasin (D:8)
  4 orc warriors
  A necrophage (D:9)
  A black bear (D:9)
  4 ice beasts
  4 ogres
  4 sky beasts
  5 phantoms
  4 centaurs
  A crocodile (D:7)
  2 big kobolds
  7 bullfrogs
  4 scorpions
  13 killer bees
  8 wights (D:10)
  6 electric eels (D:10)
  2 howler monkeys
  3 crimson imps
  A quasit (D:9)
  A bullfrog zombie (D:5)
  A gnoll shaman (D:8)
  A centaur skeleton (D:4)
  3 orc priests
  4 jellies
  4 hounds
  3 iron imps (D:3)
  2 iguanas
  12 orc wizards
  4 worker ants
  2 worker ant zombies
  Robin (D:3)
  9 gnolls
  10 adders
  5 shadow imps
  An adder zombie (D:9)
  An adder skeleton (D:4)
  8 worms
  3 dart slugs
  7 leopard geckos
  31 orcs
  A ball python (D:3)
  6 bats
  3 giant cockroaches
  15 goblins
  5 hobgoblins
  13 jackals
  16 kobolds
  5 quokkas
  7 frilled lizards
  A giant cockroach zombie (D:5)
  A jackal zombie (D:5)
  A quokka skeleton (D:6)
  9 rats
281 creatures vanquished.

Vanquished Creatures (others)
  A giant cockroach (D:6)
  5 plants
6 creatures vanquished.

Grand Total: 287 creatures vanquished

Notes
Turn   | Place    | Note
-------+----------+-------------------------------------------
     0 | D:1      | MarredHen the Kobold Hunter began the quest for the Orb.
     0 | D:1      | Reached XP level 1. HP: 12/12 MP: 1/1
    11 | D:1      | Reached skill level 5 in Crossbows
    64 | D:1      | Reached XP level 2. HP: 18/18 MP: 2/2
   368 | D:1      | Reached XP level 3. HP: 22/22 MP: 3/3
   980 | D:2      | Reached skill level 6 in Crossbows
   980 | D:2      | Reached XP level 4. HP: 21/27 MP: 4/4
  1621 | D:3      | Found a burning altar of Makhleb.
  1629 | D:3      | Reached XP level 5. HP: 31/32 MP: 5/5
  1796 | D:3      | Reached skill level 7 in Crossbows
  1969 | D:3      | Reached XP level 6. HP: 37/37 MP: 6/6
  2138 | D:3      | Found an ornate altar of the Wu Jian Council.
  2413 | D:3      | Noticed Robin
  2427 | D:3      | Killed Robin
  2636 | D:4      | Noticed an ogre
  2641 | D:4      | Killed an ogre
  2641 | D:4      | Reached skill level 1 in Armour
  2659 | D:4      | Found a staircase to the Ecumenical Temple.
  2722 | D:4      | Reached skill level 8 in Crossbows
  2723 | D:4      | Reached XP level 7. HP: 40/42 MP: 7/7
  2899 | Temple   | Entered the Ecumenical Temple
  2926 | Temple   | Became a worshipper of Gozag Ym Sagoz the Greedy
  3653 | D:5      | Entered Level 5 of the Dungeon
  3705 | D:5      | Found Noiperhan's Book Boutique.
  3707 | D:5      | Found Goaput's Antique Weapon Emporium.
  3769 | D:5      | Reached skill level 9 in Crossbows
  4038 | D:5      | Reached XP level 8. HP: 40/48 MP: 8/8
  4095 | D:5      | Reached skill level 5 in Fighting
  4982 | D:5      | Found a runed translucent gate.
  4982 | D:5      | Found a runed translucent gate.
  4982 | D:5      | Found a runed translucent gate.
  4982 | D:5      | Noticed cantrip's ghost (amateur DESu)
  5581 | D:6      | Reached skill level 5 in Dodging
  5793 | D:6      | Reached skill level 10 in Crossbows
  5866 | D:6      | Found Zeudoopt's Armour Boutique.
  5896 | D:6      | Reached XP level 9. HP: 55/55 MP: 9/9
  5905 | D:6      | Found a shattered altar of Ashenzari.
  6056 | D:6      | Found a basalt altar of Yredelemnul.
  6378 | D:6      | Found a white marble altar of Elyvilon.
  7671 | D:7      | Got a scorched leather armour
  7682 | D:7      | Identified the +3 leather armour of the Enchanted Forest
                  | {Int+4 Dex-3} (You found it on level 7 of the Dungeon)
  7715 | D:7      | Reached skill level 11 in Crossbows
  8042 | D:8      | Reached XP level 10. HP: 59/64 MP: 10/10
  8842 | D:8      | Found an iron altar of Okawaru.
  9242 | D:9      | Found Ishuedel's Armour Boutique.
  9250 | D:9      | Bought the +1 troll leather armour "Fahuhot" {Harm rF++
                  | Regen+ Dex+6} for 856 gold pieces
  9611 | D:9      | Reached skill level 1 in Short Blades
  9621 | D:9      | Reached skill level 12 in Crossbows
 10066 | D:9      | Got an ominously black robe
 10077 | D:9      | Identified the +1 robe "Feunnath" {*Slow +Fly rN+++ Dex-5}
                  | (You found it on level 9 of the Dungeon)
 10378 | D:10     | Entered Level 10 of the Dungeon
 10378 | D:10     | Found a staircase to the Lair.
 10379 | D:10     | Noticed a fire dragon
 10595 | D:10     | Reached XP level 11. HP: 61/71 MP: 11/11
 11356 | D:10     | Killed a fire dragon
 11356 | D:10     | Reached skill level 10 in Fighting
 11356 | D:10     | Reached skill level 5 in Stealth
 11964 | D:11     | Noticed a purple ugly thing
 11975 | D:11     | Killed a purple ugly thing
 11975 | D:11     | Reached skill level 13 in Crossbows
 12036 | D:11     | Found a gate leading to a gauntlet.
 12053 | D:11     | Noticed a six-headed hydra
 12059 | D:11     | Found Buhu Dajoyn's Antique Armour Shoppe.
 12082 | D:11     | Bought a pair of embroidered gloves for 210 gold pieces
 12082 | D:11     | Bought a pair of embroidered boots for 210 gold pieces
 12124 | Gauntlet | Entered a Gauntlet
 12124 | Gauntlet | Found a transporter.
 12124 | Gauntlet | Found a transporter.
 12124 | Gauntlet | Noticed an elephant
 12124 | Gauntlet | Noticed an elephant
 12124 | Gauntlet | Noticed an elephant
 12124 | Gauntlet | Noticed a fire crab
 12140 | Gauntlet | Found a transporter.
 12144 | Gauntlet | Found a transporter.
 12156 | Gauntlet | Found a transporter.
 12156 | Gauntlet | Noticed a blizzard demon
 12158 | Gauntlet | Found a transporter.
 12167 | Gauntlet | Noticed a moth of wrath
 12168 | Gauntlet | Found a transporter.
 12189 | Gauntlet | Found a transporter.
 12195 | Gauntlet | Found a transporter.
 12198 | Gauntlet | Found a transporter.
 12208 | Gauntlet | Found a transporter.
 12212 | Gauntlet | Found a transporter.
 12215 | Gauntlet | Noticed an elephant
 12217 | Gauntlet | Noticed an elephant
 12414 | Gauntlet | Killed an elephant
 12426 | Gauntlet | HP: 1/73 [elephant (12)]
 12442 | Gauntlet | Killed an elephant
 12448 | Gauntlet | HP: 3/73 [elephant (9)]
 12450 | Gauntlet | Demolished by an elephant

Illustrated notes

Levels and vault maps discovered:
D:1:      lightli_arrival_noodles, layout_loops_ring
D:2:      layout_loops_cross
D:3:      layout_basic, lemuel_crystal_altar, demons_altar,
          minmay_misc_feat_roman, dk_vineyard_1, skrybe_limestone_x, uniq_robin
D:4:      layout_loops_cross, temple_statues, st_stairs_14, serial_park_tiny_1
D:5:      layout_cave_pods, first_ration, gammafunk_ghost_nasty_kobolds,
          serial_shops, shop, shop
D:6:      layout_basic, lemuel_doored_altar, ashenzari_conservatory_becter,
          gup_sewer_entry_spiral, serial_shops, nicolae_shop_trees,
          elyvilon_altar_4
D:7:      layout_gridville
D:8:      layout_loops_cross, lemuel_crystal_altar
D:9:      layout_layer_cave, serial_shops, shop
D:10:     layout_irregular_city, minmay_lair_entry_lava, serial_bayou,
          serial_bayou_shore_a, serial_bayou_pond_a, serial_bayou_pond_c,
          serial_bayou_lagoon_b
D:11:     layout_basic, serial_shops, shop, gauntlet_entry_generic
Temple:   minmay_crystal_spiral_temple
Gauntlet: gammafunk_gauntlet_hard_choice [gammafunk_gauntlet_arena_teeth,
          gammafunk_gauntlet_arena_mazey, gammafunk_gauntlet_arena_grid,
          gammafunk_gauntlet_arena_crates, nicolae_gauntlet_arena_grate_2,
          nicolae_gauntlet_arena_t_cross, gauntlet_exit_green]

Skill      XL: |  1  2  3  4  5  6  7  8  9 10 11 |
---------------+----------------------------------+-----
Crossbows      | 5 6 7 8 9 10 11 12 13 | 13.2
Fighting       | 3 4 6 7 9 10 | 10.5
Armour         | 1 |  1.6
Stealth        | 2 3 5 |  5.7
Dodging        | 3 5 7 9 |  9.9
Short Blades   | 2 4 |  4.8

Action                   |  1- 3 |  4- 6 |  7- 9 | 10-12 || total
-------------------------+-------+-------+-------+-------++-------
Melee: Dagger            |       |     4 |    18 |    53 ||    75
       Hand crossbow     |       |       |       |     1 ||     1
 Fire: Hand crossbow     |    61 |   111 |   420 |   444 ||  1036
  Use: Scroll            |     1 |     3 |     8 |     9 ||    21
       Potion            |       |       |     7 |    12 ||    19
  Eat: Chunk             |     6 |     1 |     5 |       ||    12
       Ration            |       |       |     5 |     7 ||    12
Armor: Leather armour    |     1 |    10 |    15 |     5 ||    31
       Troll leather arm |       |       |       |    68 ||    68
Dodge: Dodged            |     3 |    31 |   177 |   346 ||   557

Table legend:
 A = Non-vault XP
 B = Vault XP
 C = Vault XP percentage of total XP
 D = Non-vault monster count
 E = Vault monster count
 F = Vault count percentage of total count
                 A         B        C        D         E       F
            +---------+---------+-------+---------+---------+-------
      Total |   10178 |    2614 |  20.4 |     261 |      20 |   7.1
            +---------+---------+-------+---------+---------+-------
        D:1 |      43 |       0 |   0.0 |      25 |       0 |   0.0
        D:2 |      44 |       0 |   0.0 |      17 |       0 |   0.0
        D:3 |      97 |     145 |  59.9 |      28 |      10 |  26.3
        D:4 |     530 |       0 |   0.0 |      15 |       0 |   0.0
        D:5 |     675 |       0 |   0.0 |      28 |       0 |   0.0
        D:6 |     873 |      21 |   2.3 |      20 |       6 |  23.1
        D:7 |    1078 |       0 |   0.0 |      21 |       0 |   0.0
        D:8 |    1433 |       0 |   0.0 |      33 |       0 |   0.0
        D:9 |    1885 |       0 |   0.0 |      32 |       0 |   0.0
       D:10 |    2785 |    1071 |  27.8 |      34 |       1 |   2.9
       D:11 |     735 |       0 |   0.0 |       8 |       0 |   0.0
   Gauntlet |       0 |    1377 | 100.0 |       0 |       3 | 100.0
            +---------+---------+-------+---------+---------+-------
